Map: Pride of Altaris LE

Players

Warthog - Winner!

  • Race: Terran Terran
  • League: Silver
  • Spawn Location: 11:00

minimac

  • Race: Protoss Protoss
  • League: Silver
  • Spawn Location: 5:00

VOD

Have the link to the VOD?

Description

Time

  • Played on: Oct. 19, 2021, 6:58 p.m.
  • Length: 17:47
Show
View Real Time Build Order
Export as new Build Order

Warthog Terran - Winner!

Build Orders:  

Get SALT Encoding   

  12  0:03  SCV  
  13  0:15  SCV  
  13  0:18  Supply Depot  
  14  0:28  SCV  
  15  0:40  SCV  
  15  0:42  Barracks  
  16  0:46  Refinery  
  16  0:52  SCV  
  18  1:04  SCV  
  18  1:16  SCV  
  19  1:32  Barracks Reactor, Orbital Command  
  19  1:46  Command Center  
  19  2:02  SCV  
  19  2:03  Supply Depot  
  20  2:13  Marine  
  20  2:14  SCV, Marine  
  23  2:23  Barracks  
  23  2:24  Barracks  
  23  2:29  SCV  
  24  2:41  SCV  
  25  2:44  Marine x2  
  27  2:53  SCV  
  28  2:59  Orbital Command  
  28  3:05  SCV  
  28  3:11  Refinery  
  28  3:12  Marine x2  
  31  3:13  Barracks Tech Lab x2  
  31  3:17  SCV  
  32  3:26  SCV  
  33  3:30  SCV  
  34  3:37  Marine x2  
  34  3:38  SCV, Stimpack, Marauder x2  
  34  3:40  Combat Shield  
  41  3:42  SCV  
  42  3:51  SCV  
  42  3:54  SCV  
  44  3:55  Supply Depot  
  44  3:56  Supply Depot  
  44  4:00  Factory  
  44  4:04  Marine x2  
  46  4:17  SCV x2, Marine x2  
  46  4:21  Supply Depot, Marine  
  46  4:22  Marine  
  46  4:23  Supply Depot  
  52  4:29  SCV x2  
  54  4:34  Marine  
  55  4:42  SCV x2  
  59  4:46  Marauder, Marine x2  
  59  4:52  Supply Depot  
  61  4:53  Marauder  
  61  4:54  SCV x2  
  61  4:56  Supply Depot  
  65  5:04  Marine x2  
  65  5:06  SCV  
  68  5:08  Starport  
  68  5:09  Factory Reactor  
  68  5:15  Concussive Shells  
  68  5:18  Supply Depot  
  68  5:19  Supply Depot  
  68  5:24  Refinery  
  68  5:25  Refinery  
  68  5:30  SCV  
  68  5:31  SCV  
  68  5:33  Marauder x2, Marine x2  
  76  5:41  Supply Depot  
  76  5:42  Supply Depot  
  76  5:43  SCV x2  
  78  5:51  Marine x2  
  80  5:58  Medivac  
  80  5:59  Factory Tech Lab, Medivac  
  84  6:10  Barracks  
  84  6:11  Barracks  
  84  6:12  Engineering Bay  
  84  6:20  Marauder x2, Marine x2  
  84  6:22  Siege Tank  
  93  6:28  Medivac  
  93  6:29  Medivac  
  97  6:37  Marine  
  97  6:38  Marine  
  99  6:41  Marauder  
  99  6:45  Supply Depot  
  101  6:47  Supply Depot, Terran Infantry Weapons Level 1  
  101  6:55  Marauder, Marine x2  
  105  7:01  Siege Tank  
  105  7:02  Marauder  
  105  7:03  Barracks Tech Lab  
  105  7:05  Barracks Reactor  
  110  7:13  Marine x2  
  109  7:16  Marauder  
  98  7:24  Marauder  
  93  7:44  Marauder, Marine  
  93  7:45  Marauder x2, Marine x3  
  93  7:47  Siege Tank  
  93  7:48  Medivac  
  108  7:52  Medivac  
  110  8:02  Marine x2  
  110  8:03  Marine x2  
  114  8:06  Marauder x2  
  114  8:07  Marauder  
  120  8:20  Marine x2  
  122  8:27  Marauder  
  124  8:41  Terran Infantry Armor Level 1  
  124  8:52  Marauder x3, Marine x4  
  134  9:10  Marine x4  
  134  9:13  Marauder  
  134  9:14  Marauder  
  142  9:29  Marine x4  
  142  9:30  Medivac x2, Siege Tank, Marauder  
  155  9:35  Marauder  
  157  9:47  Marine  
  158  10:11  Supply Depot  
  158  10:12  Supply Depot  
  158  10:13  Supply Depot  
  158  10:14  Medivac, Marine x2  
  158  10:15  Marauder x2  
  166  10:29  Marine  
  166  10:32  Siege Tank, Marine x3  
  172  10:36  Marauder  
  174  10:47  Marauder  
  176  10:50  Marine  
  166  11:04  Siege Tank  
  124  12:20  Marauder x2  
  124  12:21  Marauder, Marine x4  
  134  12:42  Marauder x3  
  134  12:43  Marine x4  
  142  13:01  Marine x4  
  143  13:14  Marauder  
  143  13:17  Marine x2  
  143  13:19  Marine x4  
  137  13:21  Armory  
  137  13:22  Viking x2  
  136  13:31  Factory  
  136  13:32  Factory  
  128  13:34  Marine  
  128  13:35  Factory, Marine x2  
  128  13:37  Marine x4  
  133  13:51  Viking  
  133  13:52  Marine x2  
  133  13:53  Marine  
  133  13:54  Marine  
  133  13:55  Viking, Marine x3  
  144  14:10  Marine x2  
  144  14:11  Marine  
  144  14:12  Marine x2  
  144  14:13  Marine x2  
  151  14:25  Factory Tech Lab x3  
  151  14:28  Terran Vehicle Weapons Level 1, Marine x2  
  151  14:29  Marine  
  151  14:30  Marine x4  
  158  14:46  Marine x2  
  158  14:47  Marine  
  158  14:48  Marine x2  
  151  16:12  Thor x2  
Show
View Real Time Build Order
Export as new Build Order

minimac Protoss 

Build Orders: 1 Gate Expand, Carriers 

Get SALT Encoding   

  12  0:00  Probe  
  13  0:15  Pylon  
  13  0:17  Probe (Chrono Boost)  
  14  0:27  Probe (Chrono Boost)  
  15  0:37  Gateway  
  15  0:38  Probe  
  16  0:45  Assimilator  
  16  0:50  Probe  
  17  1:03  Probe  
  18  1:24  Nexus  
  18  1:33  Probe, Pylon  
  19  1:49  Cybernetics Core  
  19  1:51  Probe  
  20  1:56  Assimilator  
  20  2:03  Probe  
  21  2:15  Probe  
  22  2:24  Adept (Chrono Boost)  
  22  2:27  Probe  
  25  2:32  Warp Gate (Chrono Boost)  
  25  2:40  Probe  
  25  2:42  Probe  
  27  2:52  Probe  
  27  2:54  Probe  
  29  2:59  Pylon  
  29  3:05  Gateway  
  28  3:09  Robotics Facility, Probe x2  
  30  3:13  Pylon  
  30  3:16  Adept (Chrono Boost)  
  32  3:21  Probe  
  32  3:22  Probe  
  34  3:33  Probe  
  34  3:34  Probe  
  36  3:46  Gateway  
  36  3:48  Twilight Council  
  36  3:53  Probe x2  
  38  3:58  Shield Battery  
  38  4:03  Observer (Chrono Boost)  
  38  4:05  Probe x2  
  38  4:08  Stalker  
  38  4:09  Stalker  
  45  4:17  Observer (Chrono Boost), Probe x2, Assimilator  
  45  4:19  Assimilator  
  48  4:29  Probe  
  49  4:37  Templar Archives  
  49  4:43  Probe x2  
  51  4:48  Stalker  
  51  4:49  Stalker  
  51  4:50  Stalker  
  57  4:55  Probe x2  
  59  5:07  Probe x2  
  59  5:10  Pylon  
  59  5:13  Psionic Storm  
  61  5:19  Pylon  
  61  5:22  Pylon  
  61  5:27  Charge (Chrono Boost)  
  65  5:28  Immortal  
  65  5:34  Zealot  
  67  5:35  Zealot  
  67  5:38  Zealot  
  71  5:59  High Templar x2  
  75  6:15  Robotics Bay  
  75  6:21  Nexus  
  75  6:26  Pylon  
  75  6:27  Pylon  
  75  6:31  Assimilator  
  75  6:34  Assimilator  
  75  6:46  Forge  
  75  6:53  Robotics Facility  
  75  6:55  High Templar x2  
  75  6:57  Stalker  
  51  7:34  Zealot x3  
  57  7:42  Immortal (Chrono Boost)  
  57  7:43  Immortal (Chrono Boost)  
  65  8:03  Gateway  
  65  8:09  Stargate  
  65  8:10  Gateway  
  65  8:11  Probe x2  
  65  8:12  Probe  
  68  8:13  Stargate  
  68  8:14  Colossus x2 (Chrono Boost)  
  80  8:23  Probe  
  80  8:24  Probe x2  
  83  8:35  Stalker x2  
  83  8:36  Probe x3  
  83  8:37  Zealot  
  92  8:46  Pylon  
  92  8:48  Probe x2  
  94  8:49  Pylon  
  94  8:53  Gateway  
  94  8:54  Gateway  
  94  8:57  Probe  
  94  9:00  Zealot x2  
  94  9:01  Zealot  
  94  9:02  Stalker  
  103  9:07  High Templar  
  105  9:13  Protoss Ground Weapons Level 1 (Chrono Boost)  
  105  9:31  Stargate  
  105  9:34  Zealot, Stalker  
  105  9:35  Zealot  
  105  9:37  High Templar  
  105  9:38  Fleet Beacon  
  112  9:46  Zealot  
  112  9:48  Zealot  
  116  10:03  Nexus  
  116  10:06  Pylon  
  116  10:07  Pylon  
  116  10:08  Pylon  
  116  10:19  Void Ray x3  
  128  10:36  Stalker  
  128  10:37  Stalker  
  128  10:38  Zealot x2  
  128  10:39  High Templar  
  128  10:40  Zealot, High Templar  
  123  11:07  Protoss Ground Armor Level 1  
  81  11:27  Carrier x3 (Chrono Boost)  
  87  11:44  Probe  
  87  11:45  Probe  
  89  11:49  Probe  
  89  11:51  High Templar  
  89  11:53  Stalker x2  
  93  11:57  Probe x2  
  93  12:01  Probe  
  67  12:09  Probe x2  
  67  12:10  Zealot x2  
  67  12:11  Zealot  
  67  12:12  Zealot  
  67  12:13  Probe  
  76  12:22  Zealot  
  78  12:23  Zealot  
  80  12:35  Pylon  
  80  12:38  Shield Battery  
  80  12:40  Shield Battery x2, Probe x2  
  80  12:41  Probe  
  80  12:43  Shield Battery, Carrier (Chrono Boost)  
  80  12:44  Carrier (Chrono Boost), Assimilator  
  95  12:52  Probe  
  95  12:53  Probe  
  84  13:12  Carrier (Chrono Boost)  
  86  13:45  Protoss Air Weapons Level 1 (Chrono Boost), Assimilator  
  92  13:56  Carrier (Chrono Boost)  
  92  14:05  Nexus  
  92  14:09  Assimilator  
  92  14:12  Assimilator  
  92  14:16  Carrier x2 (Chrono Boost), Pylon  
  92  14:19  Pylon  
  92  14:20  Pylon  
Tags
 
Add a new tag
Caveats
  • Supply blocks, unpowered buildings, or Contaminate may cause inaccurate times.
  • Supply counts are checked every 10 seconds.